 Dungeon Crawl Stone Soup version 0.31.0-9-g3a7656b989 (webtiles) character file.

Game seed: 10484266681259680023

29 qw the Shooter (level 3, -1/20 HPs)
             Began as a Deep Elf Hunter on Feb 2, 2024.
             Constricted to death by Ijyb (6 damage)
             ... on level 3 of the Dungeon.
             The game lasted 00:00:05 (1286 turns).

qw the Shooter (Deep Elf Hunter)                    Turns: 1286, Time: 00:00:06

Health: -1/20      AC:  3    Str: 10    XL:     3   Next: 1%
Magic:  5/5        EV:  9    Int: 13    God:
Gold:   102        SH:  0    Dex: 18    Spells: 2/2 levels left

rFire   . . .        a - +0 shortbow
rCold   . . .        (shield currently unavailable)
rNeg    . . .        c - +0 leather armour
rPois   .            (no helmet)
rElec   .            (no cloak)
rCorr   .            (no gloves)
SInv    .            (no boots)
Will    .....        (no amulet)
Stlth   ++           (no ring)
HPRegen 0.23/turn    (no ring)
MPRegen 0.09/turn

%: no passive effects
@: lethally poisoned (-1 -> -10), grasped by roots, constricted
A: no striking features
a: no special abilities


You were on level 3 of the Dungeon.
You visited 1 branch of the dungeon, and saw 4 of its levels.

You collected 102 gold pieces.


   Skills:
 - Level 1.5 Fighting
 + Level 6.6 Ranged Weapons
 - Level 2.4 Dodging
 - Level 1.2 Stealth


You had 2 spell levels left.
You didn't know any spells.
Your spell library was empty.

Inventory:

Hand Weapons
 a - a +0 shortbow (weapon)
Armour
 c - a +0 leather armour (worn)
Potions
 d - 2 potions of brilliance {unknown}
 e - a potion of heal wounds
 f - a potion of resistance
 i - a potion of lignification {unknown}

Dungeon Overview and Level Annotations

Branches:
Dungeon (4/15)
 Temple: D:4-7

Altars:

Annotations:
D:1 1 runed translucent door
D:3 Ijyb


Message History

Increase (S)trength, (I)ntelligence, or (D)exterity?
You feel stronger. x2
You see here a bat corpse.
d - 2 inky potions (gained 1) Ijyb the Twisted Goblin comes into view.
She is wielding a +0 dagger of venom and carrying a wand of roots.
You shoot an arrow. The arrow hits Ijyb but does no damage.
Ijyb shouts!
You hear a shout!
Found a brown potion.
A hobgoblin comes into view.
You shoot an arrow. The arrow hits Ijyb.
Ijyb is moderately wounded.
You shoot an arrow. The arrow hits Ijyb!
Ijyb is severely wounded.
An endoplasm comes into view.
Ijyb barely misses you.
You shoot an arrow. The arrow hits Ijyb but does no damage.
Ijyb is severely wounded.
Ijyb hits you with a +0 dagger of venom.
You are poisoned.
You shoot an arrow. The arrow hits Ijyb but does no damage.
Ijyb is severely wounded.
You feel sick. Ijyb hits you but does no damage.
You shoot an arrow. The arrow closely misses Ijyb.
The arrow hits the hobgoblin.
The hobgoblin is almost dead.
You feel sick.
Ijyb hits you with a +0 dagger of venom.
You are lethally poisoned!
You shoot an arrow. The arrow misses Ijyb.
The arrow hits the endoplasm.
The endoplasm is lightly wounded.
You feel very sick. Ijyb barely misses you.
You shoot an arrow. The arrow hits the hobgoblin!
You kill the hobgoblin!
You feel very sick.
Ijyb zaps a wand.
The roots erupt in riotous growth!
The grasping roots grab you!
Ijyb is unaffected.
The endoplasm is unaffected.
The grasping roots constrict you.
You die...

.#.#.#.#.#.#%#.........#
.^.....................#
.#.#.#.#.#.#.#.........#
................>......#
#.#.#.#.#.#.#.........#
......................#
.#.#.#.#.#.#..####+###
...#.....###...##
.......@## #####
####.##gJ...... #
#........ #........
......... .........
......... #.!.......


You could see Ijyb and an endoplasm.

Vanquished Creatures
  An adder (D:2)
  A bat (D:3)
  An endoplasm (D:1)
  A goblin (D:2)
  5 hobgoblins
  4 jackals (D:2)
  2 ball pythons
  2 kobolds (D:1)
  2 rats (D:2)
19 creatures vanquished.

Notes
Turn   | Place    | Note
-------+----------+-------------------------------------------
     0 | D:1      | qw the Deep Elf Hunter began the quest for the Orb.
     0 | D:1      | Reached XP level 1. HP: 12/12 MP: 3/3
     0 | D:1      | 0 ||| qw: Version: 0.3-a-155-g5e7d8dd
     0 | D:1      | 0 ||| qw: Game counter: 1629
     0 | D:1      | 0 ||| qw: Melee chars always use a shield: true
     0 | D:1      | 0 ||| qw: God list: Okawaru
     0 | D:1      | 0 ||| qw: Allow faded altars: false
     0 | D:1      | 0 ||| qw: Do Orc after clearing Dungeon:15 true
     0 | D:1      | 0 ||| qw: Do second Lair branch before Depths: true
     0 | D:1      | 0 ||| qw: Lair rune preference: random
     0 | D:1      | 0 ||| qw: Goals: Normal
     0 | D:1      | 0 ||| PLANNING D:1-11
     1 | D:1      | Found a runed translucent door.
   361 | D:1      | 361 ||| READING scroll labelled NEJODW VASHRE.
   361 | D:1      | 361 ||| IDENTIFYING fizzy emerald potion
   362 | D:1      | 362 ||| DRINKING 2 bubbling inky potions.
   363 | D:1      | 363 ||| DROPPING scroll of butterflies.
   372 | D:2      | You fall into a shaft and drop 2 floors!
   386 | D:3      | 386 ||| FLEEEEING.
   387 | D:3      | 387 ||| STAIRDANCE
   394 | D:2      | Reached skill level 6 in Ranged Weapons
   394 | D:2      | Reached XP level 2. HP: 16/16 MP: 4/4
  1106 | D:2      | 1106 ||| READING scroll labelled ZEMALA EFFIOGA.
  1107 | D:2      | 1107 ||| READING scroll labelled GUIDUR CYUBYT.
  1108 | D:2      | 1108 ||| READING scroll labelled KOT ZEROZYZOOG.
  1110 | D:2      | 1110 ||| Stepping ~*~*~tactically~*~*~ (cloud).
  1112 | D:2      | HP: 4/16 [poisoned by you (poison gas)]
  1264 | D:3      | Reached XP level 3. HP: 20/20 MP: 5/5
  1277 | D:3      | Noticed Ijyb
  1286 | D:3      | HP: 5/20 [poisoned by Ijyb]
  1286 | D:3      | Constricted to death by Ijyb

Levels and vault maps discovered:
D:1:      dpeg_arrival_caged_fury, layout_rooms
D:2:      layout_basic
D:3:      minmay_diamond_boxcup, layout_rooms, led_xom_imps, lemuel_tele_altar,
          st_stairs_11, minmay_misc_feat_iff, uniq_grinder, uniq_natasha,
          uniq_ijyb
D:4:      layout_gridville, grunt_temple_overflow_open, uniq_robin

Skill      XL: |  1 |
---------------+----+-----
Ranged Weapons | 6 |  6.6
Fighting       | |  1.5
Dodging        | |  2.4
Stealth        | |  1.2

Action                     || total
---------------------------++-------
   Fire: Shortbow          ||    73
    Use: Scroll            ||     4
         Potion            ||     1
 Armour: Leather armour    ||    34
  Dodge: Dodged            ||    37

Table legend:
 A = Non-vault XP
 B = Vault XP
 C = Vault XP percentage of total XP
 D = Non-vault monster count
 E = Vault monster count
 F = Vault count percentage of total count
                 A         B        C        D         E       F
            +---------+---------+-------+---------+---------+-------
      Total |      42 |       2 |   4.5 |      18 |       1 |   5.3
            +---------+---------+-------+---------+---------+-------
        D:1 |       8 |       0 |   0.0 |       5 |       0 |   0.0
        D:2 |      32 |       0 |   0.0 |      12 |       0 |   0.0
        D:3 |       2 |       2 |  50.0 |       1 |       1 |  50.0
            +---------+---------+-------+---------+---------+-------
